 Dungeon Crawl Stone Soup version 0.29.1-2-gbd0b4ee654 (console) character file.

Game seed: 1078542597835563270

1875 om the Basher (level 8, -5/117 HPs)
             Began as a Troll Berserker on Oct 25, 2022.
             Was an Elder of Trog.
             Slain by an orc warrior
             ... wielding a +0 hand axe
              (14 damage)
             ... in a bailey.
             The game lasted 00:12:38 (4595 turns).

om the Basher (Troll Berserker)                     Turns: 4595, Time: 00:12:39

Health: -5/117     AC:  7    Str: 28    XL:     8   Next: 91%
Magic:  7/7        EV: 10    Int:  3    God:    Trog [****..]
Gold:   326        SH:  0    Dex:  9    Spells: 7/7 levels left

rFire   . . .      SeeInvis .   r - +0 giant club
rCold   . . .      Faith    .   (shield currently unavailable)
rNeg    + . .      Spirit   .   w - +2 robe {rN+}
rPois   .          Reflect  .   p - +1 hat
rElec   .          Harm     .   (no cloak)
rCorr   +          Rampage  .   (gloves unavailable)
Will    .....                   (boots unavailable)
Stlth   ..........              B - amulet of the acrobat
HPRegen 1.09/turn               j - ring of resist corrosion
MPRegen 0.10/turn               (no ring)

@: berserking, very quick
A: large, unfitting armour, claws 3, regeneration 1, shaggy fur 1, tough skin 1
a: Renounce Religion, Berserk, Trog's Hand, Brothers in Arms


You were in a bailey.
You worshipped Trog.
Trog was greatly pleased with you.
You visited 1 branch of the dungeon, and saw 7 of its levels.
You also visited: Bailey.

You collected 326 gold pieces.

Inventory:

Hand Weapons
 k - a +2 dagger of venom
 o - a +0 whip of electrocution
 r - a +0 giant club (weapon)
Missiles
 y - 2 throwing nets (quivered)
Armour
 b - a +0 cloak
 p - a +1 hat (worn)
 w - a +2 robe of positive energy (worn)
Jewellery
 j - a ring of resist corrosion (left claw)
 B - an amulet of the acrobat (around neck)
Wands
 m - a wand of flame (7)
Scrolls
 d - a scroll of butterflies
 e - 2 scrolls of amnesia
 i - a scroll of vulnerability {unknown}
 n - 2 scrolls of brand weapon {unknown}
 t - a scroll of teleportation
 v - a scroll of fear {unknown}
 x - a scroll of poison {unknown}
 z - a scroll of torment {unknown}
Potions
 a - a potion of haste
 c - 6 potions of curing
 f - 2 potions of berserk rage
 g - a potion of lignification
 h - 3 potions of degeneration {unknown}
 q - 4 potions of heal wounds
 s - a potion of magic {unknown}
 u - a potion of flight {unknown}
 A - a potion of resistance {unknown}


   Skills:
 - Level 4.0 Fighting
 * Level 9.3 Maces & Flails
 - Level 5.0 Dodging


You had 7 spell levels left.
You didn't know any spells.
Your spell library was empty.

Dungeon Overview and Level Annotations

Branches:
Dungeon (7/15)             Temple (0/1) D:7          Bailey (1/1)

Altars:
Cheibriados
Dithmenos
Gozag
Nemelex Xobeh
Trog
Zin

Shops:
D:3 [   D:7 :

Annotations:
D:4 3 runed translucent doors, Arctor's ghost, novice MiFi


Innate Abilities, Weirdness & Mutations

You are too large for most types of armour.
You have claws for hands.
Your natural rate of healing is unusually fast.
You are covered in fur. (AC +1)
You have tough skin. (AC +1)


Message History

The orc warrior barely misses you.
The orc warrior hits you with a +0 hand axe!
The orc warrior hits you with a +0 hand axe. x2
You closely miss the orc warrior.
The orc warrior is heavily wounded.
The orc warrior hits you with a +0 hand axe.
The orc warrior hits you with a +0 hand axe!
You are too injured to fight recklessly!
You are too injured to fight recklessly!
You are too injured to fight recklessly!
You are too injured to fight recklessly!
You are too injured to fight recklessly!
You are too injured to fight recklessly!
A red film seems to cover your vision as you go berserk!
You feel yourself moving faster!
You feel mighty!
The orc warrior hits you with a +0 hand axe! x2
You are too injured to fight recklessly!
You are too injured to fight recklessly!
You are too injured to fight recklessly!
You are too injured to fight recklessly!
You are too injured to fight recklessly!
You are too injured to fight recklessly!
You are too injured to fight recklessly!
You barely miss the orc warrior.
The orc warrior is moderately wounded.
The orc warrior barely misses you.
The orc warrior hits you with a +0 hand axe!
* * * LOW HITPOINT WARNING * * *
You barely miss the orc warrior.
The orc warrior is moderately wounded.
You miss the orc warrior.
The orc warrior is moderately wounded.
The orc warrior hits you with a +0 hand axe!
* * * LOW HITPOINT WARNING * * *
The orc warrior hits you with a +0 hand axe!
* * * LOW HITPOINT WARNING * * *
You sock the orc warrior!
The orc warrior is almost dead.
The orc warrior hits you with a +0 hand axe!
You die...

##### #########
+....g#o......# #≈≈≈≈
#....oo@8.8.8.# #≈≈≈≈
###########...######≈≈≈≈
#..)...#.~≈≈≈≈
#..)...#.~≈≈≈≈
#####''#.~≈≈≈≈
#.....#.~≈≈≈≈
#.....'......
#..⌠.)'......
#....)'......


You could see 2 orc warriors, an orc and a hobgoblin.

Vanquished Creatures
  A vampire (D:6)
  A water moccasin (D:6)
  An orc warrior (Bailey)
  4 ice beasts
  2 ogres
  A phantom (D:6)
  Blork the orc (D:4)
  4 scorpions
  An electric eel (Bailey)
  2 hounds (D:5)
  3 orc priests
  Crazy Yiuf (D:4)
  A jelly (D:5)
  Jessica (D:2)
  3 orc wizards
  Terence (D:2)
  4 gnolls
  6 adders
  A shadow imp (D:6)
  4 dart slugs
  4 worms
  14 orcs
  10 ball pythons
  7 bats
  10 endoplasms
  2 giant cockroaches (D:1)
  14 goblins
  8 hobgoblins
  7 jackals (D:1)
  3 quokkas
  7 kobolds
  6 rats
135 creatures vanquished.

Notes
Turn   | Place    | Note
-------+----------+-------------------------------------------
     0 | D:1      | om the Troll Berserker began the quest for the Orb.
     0 | D:1      | Reached XP level 1. HP: 22/22 MP: 0/0
    44 | D:1      | Reached skill level 3 in Maces & Flails
    57 | D:1      | Reached XP level 2. HP: 29/29 MP: 1/1
   331 | D:1      | Reached XP level 3. HP: 30/36 MP: 2/2
   490 | D:1      | Found a faded altar of an unknown god.
   606 | D:2      | Noticed Jessica
   608 | D:2      | Killed Jessica
   609 | D:2      | Reached XP level 4. HP: 34/44 MP: 3/3
   722 | D:2      | Reached ** piety under Trog
   955 | D:2      | Noticed Terence
   964 | D:2      | Killed Terence
   965 | D:2      | Reached skill level 4 in Maces & Flails
  1268 | D:3      | Found Syenut's Armour Boutique.
  1355 | D:3      | Reached XP level 5. HP: 53/53 MP: 4/4
  1593 | D:3      | Noticed an ogre
  1605 | D:3      | Killed an ogre
  1787 | D:3      | Reached XP level 6. HP: 61/61 MP: 5/5
  2269 | D:4      | Reached skill level 5 in Maces & Flails
  2322 | D:4      | Noticed Blork the orc
  2333 | D:4      | Killed Blork the orc
  2333 | D:4      | Reached *** piety under Trog
  2461 | D:4      | Found a bloodstained altar of Trog.
  2494 | D:4      | Found an opulent altar of Gozag.
  2498 | D:4      | Found a shadowy altar of Dithmenos.
  2499 | D:4      | Found a snail-covered altar of Cheibriados.
  2499 | D:4      | Found a glowing silver altar of Zin.
  2500 | D:4      | Found a sparkling altar of Nemelex Xobeh.
  2572 | D:4      | Reached XP level 7. HP: 68/68 MP: 6/6
  2644 | D:4      | Found a runed translucent gate.
  2648 | D:4      | Found a runed translucent gate.
  2648 | D:4      | Found a runed translucent gate.
  2652 | D:4      | Noticed Arctor's ghost (novice MiFi)
  2711 | D:4      | Found a runed translucent door.
  2712 | D:4      | Noticed Crazy Yiuf
  2753 | D:4      | Killed Crazy Yiuf
  3043 | D:5      | Entered Level 5 of the Dungeon
  3121 | D:5      | Reached skill level 6 in Maces & Flails
  3376 | D:5      | Reached XP level 8. HP: 63/78 MP: 7/7
  3385 | D:5      | Reached skill level 7 in Maces & Flails
  3775 | D:6      | Reached skill level 5 in Dodging
  3936 | D:6      | Reached skill level 8 in Maces & Flails
  4401 | D:7      | Found Sasoimea's Tremendous Tomes.
  4448 | D:7      | Found a flagged portal.
  4459 | Bailey   | Entered a bailey
  4478 | Bailey   | Reached skill level 9 in Maces & Flails
  4527 | Bailey   | Reached **** piety under Trog
  4595 | Bailey   | Slain by an orc warrior

Illustrated notes

Levels and vault maps discovered:
D:1:      doesnt_arrival_eight_statues, layout_rooms,
          hellmonk_ecumenical_altar_arch_garden, minmay_misc_feat_four_crosses,
          dreamdust_princess_corridor, hex_tiny
D:2:      layout_loops_cross, minmay_misc_feat_tiny, uniq_terence, uniq_jessica
D:3:      layout_basic, serial_shops, shop
D:4:      minmay_evil_eye, layout_basic, grunt_temple_overflow_open,
          gammafunk_ghost_split, dreamdust_mushroom_princess,
          uniq_blork_the_orc, uniq_crazy_yiuf_cottage
D:5:      layout_basic
D:6:      layout_cave_pools
D:7:      layout_loops_corners, overflow_temple_1_default,
          minmay_temple_entry_stoned_glass, enter_bailey_2,
          serial_park_tiny_pond, nicolae_shop_i_like_big_books,
          minmay_small_thing
Bailey:   bailey_axe_of_yendor_kennysheep, bailey

Skill      XL: |  1  2  3  4  5  6  7  8 |
---------------+-------------------------+-----
Maces & Flails | 3 4 5 6 9 |  9.3
Dodging        | 3 4 5 |  5.0
Fighting       | 3 4 |  4.0

Action                   |  1- 3 |  4- 6 |  7- 9 || total
-------------------------+-------+-------+-------++-------
Melee: Mace              |    81 |    90 |       ||   171
       Punch             |     1 |       |       ||     1
       Whip              |       |    58 |       ||    58
       Giant club        |       |    93 |   167 ||   260
Invok: Berserk           |     2 |     3 |     4 ||     9
Evoke: Wand              |       |     6 |       ||     6
  Use: Scroll            |     1 |     5 |     5 ||    11
       Potion            |     1 |       |       ||     1
Armor: Animal skin       |    71 |    90 |       ||   161
       Robe              |       |     7 |    82 ||    89
Dodge: Dodged            |    94 |   161 |    81 ||   336
